AoeStats
← danisteven1440

Black Forest

509018289Analyzed
4v4 RM · 7d ago on Sep 25, 2026· 51m 37s· 8 players
Game mode
Random Map
Map size
Large (8 player)
Population
200
Speed
Normal
Resources
Standard
Victory
Conquest
Starting age
Dark Age
Ending age
Imperial Age
RankedLock teamsTeams togetherTeam positionsShared explorationLock speedFull tech treeHidden civsTurbo modeCheats
Victory
Defeat
🇦🇷 Jurchens · Argentina
738
+14
🇺🇾 Burgundians · Uruguay
732
+15
🇦🇷 Maya · Argentina
720
+15
🇧🇷 Khmer · Brazil
717
+15
🇲🇽 Franks · Mexico
750
-16
🇨🇴 Celts · Colombia
743
-17
🇺🇸 Persians · United States
715
-15
🇨🇴 Khmer · Colombia
605
-11
amstek
10:12 Loom
15:23 Feudal Age
17:55 Double-Bit Axe
24:29 Castle Age
25:44 Bow Saw
39:16 Imperial Age
38:34 Gold Mining
41:08 Chemistry
39:38 Capped Ram
42:10 Wheelbarrow
41:58 Ballistics
43:03 Gold Shaft Mining
43:46 Hand Cart
RadCargo6254
0:46 Loom
15:40 Feudal Age
16:45 Fishing Lines
17:40 Double-Bit Axe
18:56 Wheelbarrow
18:07 Town Watch
18:40 Gold Mining
18:43 Stone Mining
18:45 Horse Collar
26:14 Castle Age
24:34 Forging
24:14 Fletching
27:50 Gold Shaft Mining
27:51 Stone Shaft Mining
27:43 Bodkin Arrow
29:52 Husbandry
30:03 Bloodlines
30:05 Gillnets
33:31 Ballistics
36:40 Imperial Age
34:50 Gambesons
34:52 Arson
36:21 Cavalier
38:24 Chemistry
41:41 Pikeman
42:21 Squires
42:40 Scale Barding Armor
46:43 Conscription
49:37 Citadels
danisteven1440
16:57 Feudal Age
18:10 Gold Mining
18:10 Stone Mining
18:30 Double-Bit Axe
19:15 Horse Collar
24:29 Castle Age
25:36 Wheelbarrow
30:16 Husbandry
30:27 Bloodlines
31:23 Stone Shaft Mining
31:24 Gold Shaft Mining
31:12 Bow Saw
31:40 Heavy Plow
33:44 Caravan
34:17 Coinage
37:30 Hand Cart
36:54 Light Cavalry
41:28 Scale Barding Armor
41:34 Forging
43:38 Iron Casting
43:24 Chain Barding Armor
49:00 Imperial Age
juandasotoguerrero
19:16 Feudal Age
19:59 Horse Collar
20:07 Double-Bit Axe
20:40 Gold Mining
22:08 Loom
24:37 Castle Age
23:38 Wheelbarrow
22:56 Stone Mining
23:44 Town Watch
26:20 Bow Saw
27:19 Gold Shaft Mining
26:51 Heavy Plow
31:05 Stone Shaft Mining
30:57 Hand Cart
30:46 Gambesons
37:38 Imperial Age
36:34 Town Patrol
39:08 Forging
39:04 Scale Barding Armor
40:03 Siege Engineers
41:00 Chemistry
39:32 Heavy Scorpion
40:24 Cavalier
41:08 Husbandry
45:36 Iron Casting
45:22 Chain Barding Armor
L.T Smith
11:58 Feudal Age
13:18 Double-Bit Axe
16:10 Castle Age
15:34 Horse Collar
19:09 Bow Saw
19:07 Heavy Plow
21:24 Gold Mining
25:49 Fishing Lines
28:06 Pikeman
28:35 Arson
32:03 Imperial Age
29:21 Loom
30:12 Wheelbarrow
30:19 Squires
30:34 Forging
32:36 Ballistics
32:27 Heavy Rocket Cart
35:47 Chemistry
34:54 Siege Engineers
36:11 Conscription
36:07 Thunderclap Bombs
35:46 Elite Fire Lancer
37:20 Hand Cart
36:50 Town Watch
37:39 Crop Rotation
38:12 Two-Man Saw
37:50 Gold Shaft Mining
37:08 Stone Mining
37:22 Caravan
38:19 Devotion
39:01 Iron Casting
38:27 Scale Mail Armor
38:19 Fletching
48:44 Gillnets
49:57 Blast Furnace
49:13 Chain Mail Armor
48:54 Bodkin Arrow
48:59 Padded Archer Armor
MylordSoares
6:10 Loom
13:01 Feudal Age
16:49 Castle Age
20:01 Double-Bit Axe
20:13 Horse Collar
25:36 Heavy Plow
25:53 Bow Saw
34:43 Gold Mining
34:44 Stone Mining
37:21 Caravan
43:05 Imperial Age
41:16 Wheelbarrow
41:22 Gold Shaft Mining
41:23 Stone Shaft Mining
40:44 Light Cavalry
41:35 Bloodlines
41:26 Husbandry
44:08 Heavy Scorpion
45:23 Double Crossbow
45:01 Hussar
47:58 Chemistry
46:54 Murder Holes
47:10 Fortified Wall
DEITRON
0:41 Loom
14:43 Wheelbarrow
17:39 Feudal Age
17:14 Gold Mining
17:15 Stone Mining
17:14 Double-Bit Axe
24:21 Castle Age
37:14 Fervor
40:30 Ballistics
43:31 Imperial Age
41:19 Hand Cart
41:51 Gold Shaft Mining
42:14 Caravan
43:19 Fletching
43:30 Padded Archer Armor
44:48 Burgundian Vineyards
44:06 Elite Coustillier
46:02 Chemistry
44:45 Treadmill Crane
45:34 Horse Collar
45:42 Town Watch
45:43 Cavalier
46:23 Husbandry
47:47 Paladin
50:11 Forging
50:07 Scale Barding Armor
49:59 Bodkin Arrow
50:19 Leather Archer Armor
Magoalfa29
0:32 Loom
15:28 Feudal Age
16:52 Horse Collar
17:08 Double-Bit Axe
29:24 Castle Age
29:26 Stone Mining
29:30 Fletching
29:42 Padded Archer Armor
29:50 Town Watch
31:03 Bodkin Arrow
30:32 Crossbowman
32:04 Wheelbarrow
32:01 Leather Archer Armor
32:45 Thumb Ring
33:48 Gold Mining
40:01 Imperial Age
37:57 Forging
38:31 Caravan
38:58 Scale Mail Armor
40:30 Ballistics
42:22 Bracer
42:53 Ring Archer Armor
41:48 Arbalester
41:57 Elite Plumed Archer
44:07 Hul'che Javelineers
44:29 Conscription
45:12 Chemistry
47:26 Hand Cart
47:48 Masonry
47:33 Heated Shot
48:08 Heavy Plow
48:46 Iron Casting
48:22 Elite Skirmisher
49:52 Chain Mail Armor
50:38 Blast Furnace
49:04 Eagle Warrior
49:30 Arson
49:45 Squires
50:05 Bow Saw
51:07 Town Patrol
Connection lost

Rejoining the realm…

Still unreachable

The connection could not be restored.

Session expired

The server has moved on; the page needs a fresh start.